AoeStats
← DS_Kvothe

Arabia

509723341Analyzed
1v1 RM · 4d ago on Sep 27, 2026· 37m 51s· 2 players
Game mode
Random Map
Map size
Tiny (2 player)
Population
200
Speed
Normal
Resources
Standard
Victory
Conquest
Starting age
Dark Age
Ending age
Imperial Age
RankedLock teamsTeams togetherTeam positionsShared explorationLock speedFull tech treeHidden civsTurbo modeCheats
Victory
Defeat
🇵🇰 Saracens · Pakistan
1931
+17
🇦🇷 Slavs · Argentina
1948
-17
Aaag Boy 1
11:14 Feudal Age
11:00 Loom
11:28 Man-at-Arms
11:54 Arson
13:18 Double-Bit Axe
15:19 Wheelbarrow
19:59 Castle Age
19:00 Bloodlines
20:00 Scale Barding Armor
20:06 Light Cavalry
22:30 Chain Barding Armor
26:47 Bow Saw
35:14 Husbandry
DS_Kvothe
6:40 Loom
8:42 Feudal Age
10:56 Double-Bit Axe
18:49 Fletching
19:45 Horse Collar
20:34 Scale Barding Armor
20:40 Forging
21:25 Bloodlines
21:50 Padded Archer Armor
25:42 Castle Age
24:05 Scale Mail Armor
25:19 Bloodlines
26:32 Forging
30:17 Husbandry
Connection lost

Rejoining the realm…

Still unreachable

The connection could not be restored.

Session expired

The server has moved on; the page needs a fresh start.